← All builds
Tech / Armada / Economy first / OBSERVED BUILD

Standard tech

Armada Tech (Eco) build order · Supreme Isthmus

Rushes T2 factory and Advanced Metal Extractor while sending the first T2 constructor to Geo, scaling team eco and mex upgrades through the full 15 minutes.

Usually first T2 con to Geo (84%)

#eco #t2 #team support · 901 distinct matches · 120 players · 60% of Armada Tech games · team won 53% of 1034 · Recently observed

HOW TO PLAY IT

Key timing: T2 factory by 4:15

  1. Open mex and wind, start bot lab right away.
  2. Get bot lab up and begin feeding early cons.
  3. Start advanced bot lab to rush T2 factory.
  4. Finish T2 factory and push advanced metal extractor by 5:29.
  5. Build Citadel, Platypus and Umbrella as anti-nuke defence transition.

Phase by phase

TYPICAL OF ITS 901 GAMES
  1. 1
  2. 2
  3. 3
  4. 4
PLAY THE OPENING

Follow the example game's first 6:00 step by step: what to build now, what comes next, and where it goes. At 1× it keeps pace with your own game.

  1. 1

    Up to the Bot Lab

    Economy
    • Metal Extractor3Mex
    • Wind Turbine4Wind
    Order
    1. Bot LabBot Lab after 3 mex, 4 winddone ~1:17, middle half 1:13–1:31

    By 1:01 in all: 3 mex · 4 wind

    The example game in this phase · 5 steps
    1. Mex ×3
    2. Wind ×4
    3. Energy storage
    4. Wind ×2
    5. Bot LabBot Labdone 1:49 · typical 1:17
  2. 2

    Bot Lab to Advanced Bot Lab

    Economy
    • Metal Extractor1Mex
    • Wind Turbine8Wind
    • Energy Storage1Energy storage
    Order
    1. Advanced Bot LabAdvanced Bot Lab after 4 mex, 12 wind, 3 con turretdone ~4:15, middle half 4:04–4:28
    Builders
    • Construction Turret3 Con turret
    • Lazarus3 Lazarus
    • Construction Bot2 Con bot
    • Construction Bot1 Con bot for allies

    Some games also: converter (35%)

    By 3:19 in all: 4 mex · 12 wind · 1 energy storage · 3 con turret

    The example game in this phase · 22 steps
    1. Construction BotCon bot
    2. Construction BotCon botfor Air
    3. LazarusLazarus
    4. Con turret
    5. LazarusLazarus
    6. Mex
    7. LazarusLazarus
    8. Construction BotCon bot ×2
    9. Con turret
    10. Wind
    11. Con turret
    12. Wind ×2
    13. Converter
    14. Wind ×2
    15. Converter
    16. Wind ×2
    17. Converter
    18. Wind
    19. Converter
    20. Wind
    21. Bot LabEat Bot Labreclaimed for its metal
    22. Advanced Bot LabAdvanced Bot Labdone 4:35 · typical 4:15
  3. 3

    Advanced Bot Lab to 5:00

    Economy
    • Wind Turbine2Wind
    Order
    1. Bot LabEat Bot Lab
    Builders
    • Advanced Construction Bot1 T2 con bot for allies

    Some games also: converter (35%)

    By 5:00 in all: 4 mex · 15 wind · 2 converter · 1 energy storage · 3 con turret

    The example game in this phase · 4 steps
    1. Wind ×2
    2. Advanced Construction BotT2 con botfor Air
    3. Wind
    4. Advanced Metal ExtractorT2 mex ×2done 5:22 · typical 5:29
  4. 4

    5:00 to 10:00

    Economy
    • Wind Turbine44Wind
    • Energy Converter6Converter
    Builders
    • Butler8 Butler
    • Advanced Construction Bot4 T2 con bot for allies
    • Advanced Construction Bot1 T2 con bot

    Some games also: con turret (49%) · Butler for allies (37%)

    By 10:00 in all: 4 mex · 59 wind · 8 converter · 1 energy storage · 3 con turret

    The example game in this phase · 331 steps
    1. Advanced Metal ExtractorT2 mex
    2. Wind ×2
    3. Converter
    4. Wind
    5. Converter
    6. ButlerButler
    7. Wind
    8. ButlerButler
    9. Converter
    10. Advanced Construction BotT2 con botfor Pond
    11. Converter
    12. Wind ×2
    13. Advanced Construction BotT2 con botfor Geo sea
    14. Wind ×2
    15. ButlerButler
    16. Wind ×2
    17. ButlerButler
    18. Advanced Construction BotT2 con botfor Beach sea
    19. Wind ×2
    20. Advanced Construction BotT2 con bot
    21. Wind ×3
    22. Converter
    23. Wind
    24. Converter
    25. Wind ×2
    26. ButlerButler
    27. Wind
    28. Converter
    29. ButlerButler
    30. Wind
    31. ButlerButler
    32. Converter
    33. Wind
    34. ButlerButler
    35. Wind
    36. ButlerButler
    37. Wind ×2
    38. Converter
    39. ButlerButler
    40. Wind ×3
    41. Converter
    42. Wind ×5
    43. ButlerButler
    44. Wind ×2
    45. Converter
    46. Wind
    47. ButlerButler
    48. Wind ×3
    49. Converter
    50. Wind ×3
    51. GhostGhost
    52. Wind
    53. UmbrellaAnti-nukedone 9:28
    54. Wind
    55. Converter
    56. Wind ×2
    57. Converter
    58. Wind ×4
    59. Converter ×2
    60. Wind ×5
    61. Converter ×2
    62. Wind ×3
    63. Converter
    64. Wind
    65. Converter
    66. Wind ×3
    67. Converter
    68. Wind
    69. Converter
    70. Wind ×2
    71. Con turret
    72. Wind ×2
    73. Converter
    74. Wind ×2
    75. Converter
    76. Con turret
    77. Wind ×5
    78. Converter ×2
    79. Wind ×3
    80. Metal storage
    81. Wind
    82. Converter
    83. Wind ×3
    84. Converter
    85. Wind
    86. Con turret
    87. Wind ×3
    88. Converter ×2
    89. Wind ×5
    90. Fusion ReactorFusiondone 11:06
    91. Wind
    92. Converter ×2
    93. Wind ×6
    94. Advanced Bot LabEat Advanced Bot Labreclaimed for its metal
    95. Converter
    96. Wind
    97. Converter
    98. Wind ×6
    99. Converter
    100. Wind ×2
    101. Converter
    102. Wind ×4
    103. Converter
    104. Wind ×2
    105. Converter
    106. Wind ×5
    107. Converter
    108. Wind ×2
    109. Converter
    110. Wind ×4
    111. Aircraft PlantAircraft Plantdone 11:12
    112. Converter
    113. Wind ×2
    114. Construction AircraftCon aircraft
    115. Wind ×2
    116. Converter
    117. Wind ×4
    118. Converter
    119. Wind
    120. Aircraft PlantEat Aircraft Plantreclaimed for its metal
    121. Vehicle PlantVehicle Plantdone 11:27
    122. Wind ×2
    123. Converter
    124. Wind ×2
    125. BlitzBlitz ×2
    126. Wind ×2
    127. Converter
    128. Wind
    129. Vehicle PlantVehicle Plantdone 11:41
    130. BlitzBlitz
    131. Wind
    132. Con turret
    133. Converter
    134. Wind ×5
    135. Con turret
    136. BlitzBlitz
    137. Converter
    138. Wind ×4
    139. Converter
    140. BlitzBlitz ×2
    141. Con turret
    142. Wind ×3
    143. Converter
    144. BlitzBlitz ×2
    145. Wind
    146. BlitzBlitz ×2
    147. Wind ×2
    148. Converter
    149. Wind
    150. BlitzBlitz ×2
    151. Wind ×2
    152. BlitzBlitz
    153. Converter
    154. Wind
    155. BlitzBlitz ×2
    156. Wind
    157. BlitzBlitz
    158. Wind
    159. Converter
    160. BlitzBlitz
    161. Wind ×2
    162. BlitzBlitz
    163. Converter
    164. BlitzBlitz ×2
    165. Wind ×2
    166. BlitzBlitz
    167. Wind
    168. Converter
    169. BlitzBlitz
    170. Wind
    171. BlitzBlitz
    172. Converter
    173. Wind
    174. BlitzBlitz ×2
    175. Wind ×2
    176. BlitzBlitz
    177. Wind
    178. BlitzBlitz
    179. Converter
    180. BlitzBlitz
    181. Wind
    182. BlitzBlitz
    183. Wind ×2
    184. BlitzBlitz
    185. Converter
    186. BlitzBlitz
    187. Wind
    188. BlitzBlitz ×2
    189. Wind ×3
    190. BlitzBlitz
    191. Converter
    192. Wind
    193. BlitzBlitz ×2
    194. Converter
    195. Wind
    196. BlitzBlitz
    197. Wind
    198. BlitzBlitz
    199. Wind
    200. BlitzBlitz
    201. Wind
    202. BlitzBlitz ×2
    203. Converter
    204. BlitzBlitz
    205. Wind ×3
    206. Converter
    207. BlitzBlitz ×3
    208. Wind
    209. BlitzBlitz
    210. Wind
    211. BlitzBlitz
    212. Wind ×2
    213. Converter
    214. BlitzBlitz
    215. Wind
    216. BlitzBlitz
    217. Converter
    218. BlitzBlitz
    219. Wind
    220. BlitzBlitz
    221. Wind ×2
    222. BlitzBlitz ×3
    223. Wind
    224. BlitzBlitz
    225. Converter
    226. Wind
    227. BlitzBlitz
    228. Wind
    229. BlitzBlitz
    230. Wind
    231. Converter
    232. BlitzBlitz ×2
    233. Wind
    234. BlitzBlitz ×2
    235. Wind ×3
    236. BlitzBlitz ×3
    237. Wind ×2
    238. BlitzBlitz
    239. Converter ×2
    240. BlitzBlitz
    241. Wind ×2
    242. BlitzBlitz
    243. Wind
    244. BlitzBlitz ×2
    245. Wind
    246. BlitzBlitz
    247. Wind ×2
    248. BlitzBlitz
    249. Converter
    250. Aircraft PlantAircraft Plantdone 13:46
    251. Converter
    252. BlitzBlitz ×2
    253. Wind ×4
    254. Converter
    255. Wind
    256. Converter
    257. Wind
    258. BlitzBlitz ×2
    259. Wind
    260. BlitzBlitz
    261. Wind ×2
    262. BlitzBlitz ×2
    263. Wind
    264. Converter
    265. BlitzBlitz
    266. Converter
    267. Wind
    268. BlitzBlitz ×3
    269. Wind ×3
    270. BlitzBlitz
    271. Converter
    272. BlitzBlitz
    273. Wind ×2
    274. BlitzBlitz
    275. Converter
    276. BlitzBlitz
    277. Wind
    278. BlitzBlitz
    279. Wind
    280. BlitzBlitz
    281. Wind
    282. BlitzBlitz
    283. Wind
    284. BlitzBlitz ×2
    285. Wind
    286. Converter
    287. BlitzBlitz ×2
    288. Converter
    289. Wind ×2
    290. BlitzBlitz
    291. Wind
    292. BlitzBlitz ×3
    293. Wind
    294. BlitzBlitz ×2
    295. Wind ×3
    296. BlitzBlitz
    297. Converter ×2
    298. BlitzBlitz
    299. Wind
    300. BlitzBlitz
    301. Wind
    302. BlitzBlitz
    303. Construction AircraftCon aircraft
    304. Wind
    305. BlitzBlitz
    306. Wind ×2
    307. BlitzBlitz ×2
    308. Construction AircraftCon aircraft
    309. Wind
    310. Converter
    311. BlitzBlitz
    312. Wind
    313. Converter
    314. Wind ×2
    315. Construction AircraftCon aircraft
    316. BlitzBlitz
    317. Wind
    318. Construction AircraftCon aircraft
    319. Wind
    320. BlitzBlitz
    321. Wind ×2
    322. Construction AircraftCon aircraft
    323. BlitzBlitz ×2
    324. Wind ×2
    325. Converter ×2
    326. Wind ×2
    327. BlitzBlitz
    328. Wind
    329. BlitzBlitz ×3
    330. Wind ×4
    331. Converter ×2

Counts are medians over the build's games: half of them build more, half fewer. The example game is EpicTyrannus's (44 OS, 09/10/2026); pick another.

Team trades

IN AT LEAST 30% OF ITS GAMES

You hand over

  • Construction Bot1 Con bot to Airfirst at 2:22 · in 87% of games
  • Advanced Construction Bot5 T2 con bot to Air or Geo sea or Pondfirst at 4:48 · in 99% of games
  • Sharpshooter2 Sniper bot to Pondfirst at 5:23 · in 32% of games
  • Butler2 Butler to Geo sea or Beach sea or Pondfirst at 9:05 · in 42% of games

You get

  • Hercules1 Light transport from Airfirst at 4:00 · in 85% of games

How it plays out

Typical game of this build, running totals by minute

Metal produced

020k40k
0:005:0010:0015:00

metal

Enemy metal destroyed

0100200300
0:005:0010:0015:00

metal

Own metal lost

0100200300
0:005:0010:0015:00

metal

1034 games.

Show as table
ByMetal produced: This buildEnemy metal destroyed: This buildOwn metal lost: This build
1:0038300
2:0091600
3:00164500
4:00316200
5:00486400
6:00580800
7:00723600
8:00911000
9:001125000
10:001358800
11:001643300
12:001999100
13:002375900
14:00276067381
15:0031704295204
WHAT THE NUMBERS SAY

This is the role's textbook T2 rush, posting the highest metal production of any build shown (31617 by 15:00) with almost no early losses.

  • + T2 factory done by 4:15 in 97% of games, extremely consistent.
  • + Own metal lost is only 228 by 15:00, near untouched economy.
  • − Team win rate is the lowest of all builds shown at 53%, fast eco alone doesn't decide games.
THE EXAMPLE YOU ARE READING

EpicTyrannus

43.9 OS · 09/10/2026

Open source match ↗

1 received units
4740 metal received · 171038 energy received

Allied construction assistance is unknown. Timings are observations, not a promise of solo reproducibility.

Typical milestones

Bot Lab1:17Middle 50%: 1:13–1:31 · n=1034
Advanced Bot Lab4:15Middle 50%: 4:04–4:28 · n=1028
Advanced Metal Extractor5:29Middle 50%: 5:06–5:59 · n=1032

Played most by

Amrissa100games of this buildKOT_45games of this buildSyphos42games of this buildAdeus39games of this buildWashedGamuer39games of this build